 Dungeon Crawl Stone Soup version 0.28.0-43-g3370ac3207 (webtiles) character file.

Game seed: 14405590714167145848

16 vvl the Stinger (level 2, 0/20 HPs)
             Began as a Demonspawn Venom Mage on Mar 31, 2022.
             Slain by Terence
             ... wielding a +0 trident
              (6 damage)
             ... on level 2 of the Dungeon.
             The game lasted 00:02:38 (1683 turns).

vvl the Stinger (Demonspawn Venom Mage)             Turns: 1683, Time: 00:02:41

Health: 0/20       AC:  2    Str:  8    XL:     2   Next: 37%
Magic:  0/5        EV: 12    Int: 16    God:
Gold:   27         SH:  0    Dex: 13    Spells: 4/5 levels left

rFire   . . .      SeeInvis .   (no weapon)
rCold   . . .      Faith    .   (no shield)
rNeg    . . .      Spirit   .   a - +0 robe
rPois   .          Reflect  .   (no helmet)
rElec   .          Harm     .   (no cloak)
rCorr   .          Rampage  .   (no gloves)
Will    .....                   (no boots)
Stlth   ++........              (no amulet)
HPRegen 0.06/turn               (no ring)
MPRegen 0.09/turn               (no ring)

@: no status effects
A: demonic touch 1
a: no special abilities


You were on level 2 of the Dungeon.
You visited 1 branch of the dungeon, and saw 2 of its levels.

You collected 27 gold pieces.

Inventory:

Armour
 a - a +0 robe (worn)
Jewellery
 e - an amulet of regeneration
Scrolls
 b - a scroll of teleportation {unknown}
 c - 2 scrolls of blinking {unknown}
Potions
 d - a potion of heal wounds {unknown}


   Skills:
 + Level 0.3 Fighting
 + Level 0.3 Armour
 + Level 1.9 Dodging
 + Level 1.9 Stealth
 + Level 2.1 Spellcasting
 + Level 1.0 Transmutations
 * Level 3.3 Poison Magic


You had 4 spell levels left.
You knew the following spells:

 Your Spells              Type           Power      Damage    Failure   Level
a - Sting                 Tmut/Pois      32%        1d4       9%          1

Your spell library contained the following spells:

 Spells                   Type           Power      Damage    Failure   Level
 Poisonous Vapours        Pois/Air       14%        N/A       16%         2
 Mephitic Cloud           Conj/Pois/Air  5%         N/A       36%         3
 Olgreb's Toxic Radiance  Pois           12%        N/A       45%         4
 Passage of Golubria      Tloc           1%         N/A       90%         4
 Silence                  Hex/Air        0%         N/A       99%         5
 Lehudib's Crystal Spear  Conj/Erth      0%         10d2      100%        8


Dungeon Overview and Level Annotations

Branches:
Dungeon (2/15)

Altars:

Annotations:
D:2 Terence


Innate Abilities, Weirdness & Mutations

Your touch may inflict minor irresistible damage on your foes.


Message History

Terence hits you from afar with a +0 trident.
You miscast Sting.
You are very lightly contaminated with residual magic.
Nothing appears to happen.
Terence completely misses you.
The sting hits Terence but does no damage.
Terence looks even sicker.
Terence is lightly wounded.
Terence says, "Did you write a will?
You should..."
Terence hits you from afar with a +0 trident!
* * * LOW HITPOINT WARNING * * *
You are too injured to fight recklessly!
You are too injured to fight recklessly!
Casting: Sting (safe; 9% risk of failure)
Confirm with . or Enter, or press ? or * to list all spells.
Aiming: Sting (safe; 9% risk of failure)
Press: ? - help, Shift-Dir - straight line, f/p - Terence
Aim: Terence, wielding a +0 trident, wearing a +0 scale mail and carrying a wand of digging (8) (lightly wounded, very poisoned, 72% to hit)
The sting hits Terence but does no damage.
Terence looks even sicker.
Terence is lightly wounded.
Terence closely misses you.
Casting: Sting (safe; 9% risk of failure)
Confirm with . or Enter, or press ? or * to list all spells.
Aiming: Sting (safe; 9% risk of failure)
Press: ? - help, Shift-Dir - straight line, f/p - Terence
Aim: Terence, wielding a +0 trident, wearing a +0 scale mail and carrying a wand of digging (8) (moderately wounded, very poisoned, 72% to hit)
The sting hits Terence but does no damage.
Terence looks as sick as possible!
Terence is moderately wounded.
Terence closely misses you.
Found a stone staircase leading up.
Your magical contamination has completely faded away.
Casting: Sting (safe; 9% risk of failure)
Confirm with . or Enter, or press ? or * to list all spells.
Aiming: Sting (safe; 9% risk of failure)
Press: ? - help, Shift-Dir - straight line, f/p - Terence
Aim: Terence, wielding a +0 trident, wearing a +0 scale mail and carrying a wand of digging (8) (severely wounded, very poisoned, 72% to hit)
The sting misses Terence.
Terence hits you from afar with a +0 trident.
You die...

...... #.... #...#
#...# #####(..#
#......<
#.###.#########
###.#@.@..........#
+..........#######.#
####.####.....#
#..<..#.##.#
#......#.#.# #
#.####.....#
..#.#... .#....####
..+....#


You could see Terence (very poisoned).

Vanquished Creatures
  A dart slug (D:1)
  2 endoplasms (D:1)
  3 goblins (D:1)
  2 kobolds (D:1)
  A quokka (D:1)
  2 ball pythons (D:1)
  A bat (D:1)
12 creatures vanquished.

Notes
Turn   | Place    | Note
-------+----------+-------------------------------------------
     0 | D:1      | vvl the Demonspawn Venom Mage began the quest for the Orb.
     0 | D:1      | Reached XP level 1. HP: 13/13 MP: 3/3
   697 | D:1      | Reached skill level 1 in Transmutations
   708 | D:1      | Gained mutation: Your touch may inflict minor irresistible
                  | damage on your foes. [demonic ancestry]
   708 | D:1      | Reached XP level 2. HP: 10/19 MP: 0/5
  1669 | D:2      | Noticed Terence
  1683 | D:2      | Slain by Terence

Illustrated notes

Levels and vault maps discovered:
D:1:      nzn_arrival_crosshair, layout_basic
D:2:      layout_basic, serial_shops, shop, uniq_terence

Skill      XL: |  1 |
---------------+----+-----
Transmutations | 1 |  1.0
Fighting       | |  0.3
Armour         | |  0.3
Dodging        | |  1.9
Stealth        | |  1.9
Spellcasting   | |  2.1
Poison Magic   | |  3.3

Action                   || total
-------------------------++-------
Melee: Unarmed           ||    29
       Touch             ||     1
 Cast: Sting             ||    36
Armor: Robe              ||    10
Dodge: Dodged            ||    46
